 Dungeon Crawl Stone Soup version 0.31-a0-237-g2d982f9f85 (webtiles) character file.

Game seed: 6226070320844591687

138 qw the Shooter (level 5, -6/30 HPs)
             Began as a Gargoyle Hexslinger on July 11, 2023.
             Mangled by a wraith (9 damage)
             ... in an ossuary.
             The game lasted 00:01:02 (2501 turns).

qw the Shooter (Gargoyle Hexslinger)                Turns: 2501, Time: 00:01:02

Health: -6/30      AC: 10    Str: 12    XL:     5   Next: 21%
Magic:  6/6        EV: 11    Int: 13    God:
Gold:   231        SH:  0    Dex: 16    Spells: 5/6 levels left

rFire   . . .        Y - +1 sling
rCold   + + .        (no shield)
rNeg    + + .        i - +0 leather armour
rPois   inf          j - +0 helmet of Iloprul {rF+}
rElec   +            (no cloak)
rCorr   .            d - +0 pair of gloves
SInv    .            e - +0 pair of boots
Will    +....        (no amulet)
Stlth   +            a - ring "Paocw" {Ice rN+ Will+ Dex+2}
HPRegen 0.25/turn    l - ring of protection from cold
MPRegen 0.10/turn

%: no passive effects
@: slowed, very slow
A: sickness immunity, AC +4, negative energy resistance 1, electricity
resistance, torment resistance 1, petrification resistance
a: no special abilities


You were in an ossuary.
You visited 1 branch of the dungeon, and saw 4 of its levels.
You also visited: Ossuary.

You collected 231 gold pieces.


Innate Abilities, Weirdness & Mutations

You are immune to sickness and miasma.
Your stone body is resilient. (AC +4)
You are immune to poison.
You resist negative energy. (rN+)
You are resistant to electric shocks. (rElec)
You are resistant to unholy torment.
You are immune to petrification.


   Skills:
 - Level 2.0 Fighting
 + Level 4.8 Ranged Weapons
 - Level 1.0 Armour
 - Level 1.5 Dodging
 - Level 1.0 Spellcasting
 - Level 2.6 Hexes


You had 5 spell levels left.
You knew the following spells:

 Your Spells              Type           Power      Damage    Failure   Level
a - Slow                  Hex            28%        N/A       12%         1

Your spell library contained the following spells:

 Spells                   Type           Power      Damage    Failure   Level
 Inner Flame              Hex/Fire       4%         N/A       52%         3
 Portal Projectile        Hex/Tloc       8%         N/A       52%         3
 Cause Fear               Hex            3%         N/A       75%         4

Inventory:

Hand Weapons
 Y - a +1 sling (weapon)
Armour
 d - a +0 pair of gloves (worn)
 e - a +0 pair of boots (worn)
 i - a +0 leather armour (worn)
 j - the +0 helmet of Iloprul (worn) {rF+}
   (You found it on level 2 of the Dungeon)

   rF:        It protects you from fire.
Jewellery
 a - the ring "Paocw" (left hand) {Ice rN+ Will+ Dex+2}
   (You acquired it on level 1 of the Dungeon)

   [ring of ice]

   It enhances your ice magic.
   Dex:       It affects your dexterity (+2).
   rF:        It makes you vulnerable to fire.
   rC:        It protects you from cold.
   rN:        It protects you from negative energy.
   Will:      It increases your willpower.
 l - a ring of protection from cold (right hand)
Scrolls
 c - a scroll of identify
 q - a scroll of revelation {unknown}
Potions
 b - a potion of enlightenment {unknown}
 f - a potion of might {unknown}
 g - a potion of haste {unknown}
 h - a potion of ambrosia {unknown}
 k - a potion of degeneration {unknown}
 n - a potion of berserk rage {unknown}
 o - 2 potions of resistance
 p - a potion of curing {unknown}

Dungeon Overview and Level Annotations

Branches:
Dungeon (4/15)            Ossuary (1/1)
 Temple: D:4-7

Altars:
Qazlal

Shops:
D:4 ===


Message History

The sling bullet barely misses the wraith.
The gnoll skeleton hits you but does no damage.
The wraith hits you.
The gnoll skeleton hits you but does no damage.
You shoot a sling bullet.
The sling bullet closely misses the wraith.
The wraith misses you. The wraith hits you.
The gnoll skeleton hits you but does no damage.
2497 ||| DRINKING potion of heal wounds.
You feel much better. The wraith hits you. The wraith drains your vigour!
You feel as though you will be slow longer.
The gnoll skeleton hits you but does no damage.
The wraith hits you. The wraith drains your vigour!
You feel as though you will be slow longer.
You shoot a sling bullet.
The sling bullet hits the wraith but does no damage.
The wraith is moderately damaged.
The gnoll skeleton hits you but does no damage.
The wraith hits you! The wraith drains your vigour!
You feel as though you will be slow longer.
The gnoll skeleton hits you but does no damage.
The wraith closely misses you.
You shoot a sling bullet. The sling bullet hits the wraith.
The wraith is heavily damaged.
The wraith hits you. The wraith drains your vigour!
You feel as though you will be slow longer.
The gnoll skeleton closely misses you.
You shoot a sling bullet. The sling bullet hits the wraith.
The wraith is heavily damaged.
The wraith hits you but does no damage.
The gnoll skeleton hits you but does no damage.
The wraith hits you.
The gnoll skeleton hits you but does no damage.
You shoot a sling bullet.
The sling bullet barely misses the wraith.
The wraith hits you but does no damage.
The gnoll skeleton hits you but does no damage.
The wraith hits you!
You die...

...#####...
.##...##. .
##.....## . ..
.!?!!?. .. ...
.!!!. ... #...
... ...# .
#...##W##...# ...
#....@....#
....#####Z#####..
.........ZZ......
.................
########'''######
####...# #..'...+
#..#...# ####...#


You could see a wraith, a gnoll skeleton, a kobold skeleton and an orc skeleton.

Vanquished Creatures
  A mummy (Ossuary)
  3 gnolls (D:3)
  An adder (D:3)
  2 worms (D:4)
  2 dart slugs
  5 orcs
  6 ball pythons
  5 bats
  7 endoplasms
  7 goblins
  3 hobgoblins
  4 jackals (D:1)
  5 kobolds
  2 quokkas
  2 frilled lizards
  2 kobold skeletons (Ossuary)
  7 orc skeletons (Ossuary)
  6 rats
70 creatures vanquished.

Notes
Turn   | Place    | Note
-------+----------+-------------------------------------------
     0 | D:1      | qw the Gargoyle Hexslinger began the quest for the Orb.
     0 | D:1      | Reached XP level 1. HP: 12/12 MP: 2/2
     0 | D:1      | 0 ||| qw: Version: 0.3-a-52-g30416fa
     0 | D:1      | 0 ||| qw: Game counter: 5544
     0 | D:1      | 0 ||| qw: Melee chars always use a shield: true
     0 | D:1      | 0 ||| qw: God list: Okawaru
     0 | D:1      | 0 ||| qw: Allow faded altars: false
     0 | D:1      | 0 ||| qw: Do Orc after clearing Dungeon:15 true
     0 | D:1      | 0 ||| qw: Do second Lair branch before Depths: true
     0 | D:1      | 0 ||| qw: Lair rune preference: random
     0 | D:1      | 0 ||| qw: Goals: Normal
     0 | D:1      | 0 ||| PLANNING D:1-11
   112 | D:1      | Reached XP level 2. HP: 14/16 MP: 3/3
   336 | D:1      | Found a faded altar of an unknown god.
   336 | D:1      | Noticed a shadow demon
   350 | D:1      | Reached skill level 3 in Ranged Weapons
   647 | D:1      | 647 ||| UPGRADING to +0 pair of gloves.
   652 | D:1      | 652 ||| READING scroll labelled AFEN JARHIA.
   653 | D:1      | 653 ||| READING scroll labelled IGGIOD GONUVO.
   653 | D:1      | Identified a scroll of acquirement
   653 | D:1      | 653 ||| ACQUIRING ring "Paocw" {Ice rN+ Will+ Dex+2}
   653 | D:1      | Acquired the ring "Paocw" {Ice rN+ Will+ Dex+2}
   655 | D:1      | 655 ||| UPGRADING to ring "Paocw" {Ice rN+ Will+ Dex+2}.
   656 | D:1      | 656 ||| DROPPING scroll of poison.
   757 | D:2      | Reached XP level 3. HP: 21/21 MP: 4/4
   909 | D:2      | Identified the +0 helmet of Iloprul {rF+}
  1415 | D:2      | 1415 ||| UPGRADING to +0 leather armour.
  1425 | D:2      | 1425 ||| DROPPING +0 robe.
  1426 | D:2      | 1426 ||| UPGRADING to +0 helmet of Iloprul {rF+}.
  1431 | D:2      | 1431 ||| DROPPING amulet of magic regeneration.
  1432 | D:2      | 1432 ||| UPGRADING to ring of protection from cold.
  1433 | D:2      | 1433 ||| READING scroll labelled VASEHU SUIKI.
  1434 | D:2      | 1434 ||| DRINKING 2 fuming coppery potions.
  1491 | D:2      | 1491 ||| DRINKING 2 sedimented golden potions.
  1492 | D:2      | 1492 ||| DROPPING potion of lignification.
  1493 | D:2      | 1493 ||| DROPPING potion of attraction.
  1524 | D:3      | 1524 ||| STAIRDANCE
  1841 | D:3      | Reached XP level 4. HP: 26/26 MP: 5/5
  1853 | D:3      | Reached skill level 4 in Ranged Weapons
  2087 | D:3      | Found a stormy altar of Qazlal.
  2213 | D:3      | 2213 ||| UPGRADING to +0 pair of boots.
  2218 | D:3      | 2218 ||| READING scroll labelled INGOAHETEL.
  2219 | D:3      | 2219 ||| READING scroll labelled WYKLI REQA.
  2222 | D:3      | 2222 ||| DRINKING 2 murky brown potions.
  2223 | D:3      | 2223 ||| DRINKING 3 clear potions.
  2246 | D:4      | 2246 ||| PLANNING OSSUARY
  2271 | D:4      | Found Ziekasuo's Jewellery Boutique.
  2271 | D:4      | Found Mirap's Jewellery Boutique.
  2282 | D:4      | Reached skill level 1 in Armour
  2282 | D:4      | Found Ompeloll's Jewellery Boutique.
  2289 | D:4      | 2289 ||| SHOPLISTING +4 ring of protection (432 gold, have
                  | 222).
  2289 | D:4      | 2289 ||| SHOPLISTING +6 ring of dexterity (432 gold, have
                  | 222).
  2289 | D:4      | 2289 ||| SHOPLISTING amulet of regeneration (360 gold, have
                  | 222).
  2289 | D:4      | 2289 ||| SHOPLISTING amulet of the acrobat (360 gold, have
                  | 222).
  2289 | D:4      | 2289 ||| SHOPLISTING ring "Roexag" {Will+ SInv} (331 gold,
                  | have 222).
  2289 | D:4      | 2289 ||| SHOPLISTING ring of Dyvikui {Str+6 Int+6} (667
                  | gold, have 222).
  2289 | D:4      | 2289 ||| SHOPLISTING ring of protection from cold (300
                  | gold, have 222).
  2303 | D:4      | Reached XP level 5. HP: 30/30 MP: 6/6
  2316 | D:4      | Found a sand-covered staircase.
  2318 | D:4      | 2318 ||| READING scroll labelled COORUNL AZUSED.
  2319 | D:4      | 2319 ||| READING scroll labelled CUORI UNEK.
  2428 | Ossuary  | Entered an ossuary
  2428 | Ossuary  | Noticed a wraith
  2428 | Ossuary  | Noticed a wraith
  2428 | Ossuary  | Noticed a wraith
  2485 | Ossuary  | Noticed a wraith
  2496 | Ossuary  | HP: 7/30 [wraith (6)]
  2497 | Ossuary  | 2497 ||| DRINKING potion of heal wounds.
  2500 | Ossuary  | HP: 3/30 [wraith (6)]
  2501 | Ossuary  | Mangled by a wraith

Levels and vault maps discovered:
D:1:      evilmike_arrival_plus, layout_basic,
          dreamdust_ecumenical_altar_sealed_demon, serial_bayou_pond_e
D:2:      layout_basic, chequers_serial_rivers_micro_c,
          chequers_serial_rivers_micro_a, chequers_hall_statues_wall_a,
          minmay_misc_feat_five, serial_park_tiny_1
D:3:      layout_basic, grunt_qazlal_clouds
D:4:      layout_loops_ring, serial_shops, nicolae_shop_just_a_little_nook,
          gup_sewer_entry_bubbles, nicolae_ossuary_entry_monument,
          nicolae_shop_distant_corner_stores
Ossuary:  ossuary_due_mausoleum

Skill      XL: |  1  2  3  4 |
---------------+-------------+-----
Ranged Weapons | 3 4 |  4.8
Fighting       | 2 |  2.0
Armour         | 1 |  1.0
Dodging        | |  1.5
Spellcasting   | |  1.0
Hexes          | |  2.6

Action                     |  1- 3 |  4- 6 || total
---------------------------+-------+-------++-------
   Fire: Sling             |   127 |    98 ||   225
    Use: Scroll            |     3 |     4 ||     7
         Potion            |     2 |     3 ||     5
 Armour: Robe              |    12 |       ||    12
         Leather armour    |     9 |    30 ||    39
  Dodge: Dodged            |    52 |    49 ||   101

Table legend:
 A = Non-vault XP
 B = Vault XP
 C = Vault XP percentage of total XP
 D = Non-vault monster count
 E = Vault monster count
 F = Vault count percentage of total count
                 A         B        C        D         E       F
            +---------+---------+-------+---------+---------+-------
      Total |     171 |      27 |  13.6 |      60 |      10 |  14.3
            +---------+---------+-------+---------+---------+-------
        D:1 |      28 |       0 |   0.0 |      15 |       0 |   0.0
        D:2 |      23 |       0 |   0.0 |      14 |       0 |   0.0
        D:3 |      96 |       0 |   0.0 |      22 |       0 |   0.0
        D:4 |      24 |       0 |   0.0 |       9 |       0 |   0.0
    Ossuary |       0 |      27 | 100.0 |       0 |      10 | 100.0
            +---------+---------+-------+---------+---------+-------
